 Dungeon Sprint DCSS version 0.32-a0-791-gfc315c9ecd (webtiles) character file.

Game seed: 18043021731456556626

97 wilfster70 the Poker (level 4, 0/44 HPs)
             Began as a Minotaur Fighter on Mar 20, 2024.
             Incinerated by a bombardier beetle (2 damage)
             ... with a burning spray
             ... in the Dungeon (Sprint IX: "|||||||||||||||||||||||||||||").
             The game lasted 00:00:31 (33 turns).

wilfster70 the Poker (Minotaur Fighter)               Turns: 33, Time: 00:00:32

Health: 0/44       AC:  7    Str: 22    XL:     4   Next: 42%
Magic:  3/3        EV:  8    Int:  5    God:
Gold:   0          SH:  5    Dex: 10    Spells: 3/3 levels left

rFire   . . .        a - +0 trident
rCold   . . .        c - +0 buckler
rNeg    . . .        b - +0 scale mail
rPois   .            (helmet restricted)
rElec   .            (no cloak)
rCorr   .            (no gloves)
SInv    .            (no boots)
Will    .....        (no amulet) Stlth
                     (no ring)
HPRegen 0.27/turn    (no ring)
MPRegen 0.08/turn

%: no teleportation
@: mighty, lethally poisoned (0 -> -3), on fire, glowing
A: horns 2, retaliatory headbutt
a: no special abilities


You were in the Dungeon.
You visited 1 branch

Inventory:

Hand Weapons
 a - a +0 trident (weapon)
Armour
 b - a +0 scale mail (worn)
 c - a +0 buckler (worn)
Scrolls
 j - a scroll of blinking
Potions
 e - a potion of curing
 g - a potion of haste
 h - 2 potions of magic
 i - a potion of berserk rage


   Skills:
 + Level 5.9 Fighting
 * Level 7.1 Polearms
 + Level 5.9 Armour
 + Level 5.9 Shields


You had 3 spell levels left.
You didn't know any spells.
Your spell library was empty.

Dungeon Overview and Level Annotations

Branches:
Dungeon (1/1)

Altars:


Innate Abilities, Weirdness & Mutations

You have a pair of horns on your head.
You reflexively headbutt those who attack you in melee.


Message History

You kill the bombardier beetle!
The liquid fire burns you!
* * * LOW HITPOINT WARNING * * *
Your Polearms skill gained 2 levels and is now at level 5!
You have reached level 2!
You have reached level 3!
Your experience leads to an increase in your attributes!
Increase (S)trength, (I)ntelligence, or (D)exterity?
You feel stronger. x2
You feel much better. The liquid fire burns you!
You block the scorpion's attack.
You puncture the scorpion!
The scorpion is almost dead.
The liquid fire burns you! The scorpion stings you.
You are poisoned.
The scorpion poisons you!
You puncture the scorpion!
You kill the scorpion!
The liquid fire burns you!
You feel sick.
Your Fighting skill increases to level 5!
Your Polearms skill gained 2 levels and is now at level 7!
Your Armour skill increases to level 5!
Your Shields skill increases to level 5!
You have reached level 4!
You feel agile.
You puncture the orc!
You kill the orc!
The liquid fire burns you!
* * * LOW HITPOINT WARNING * * *
x2 You feel sick.
You block the adder's attack.
You closely miss the adder. The liquid fire burns you!
* * * LOW HITPOINT WARNING * * *
x2 You feel sick.
The adder bites you but does no damage.
You barely miss the adder. The liquid fire burns you!
You die...

▓+▓
▓.▓
▓.▓
▓.▓
▓O▓
▓S▓
▓@▓
▓.▓
▓.▓
▓.▓
▓.▓
▓)▓
▓)▓
▓.▓
▓.▓


You could see an ogre and an adder.

Vanquished Creatures
  A scorpion (D)
  A bombardier beetle (D)
  An orc (D)
  A hobgoblin (D)
  A ball python (D)
  2 goblins (D)
  A rat (D)
8 creatures vanquished.

Notes
Turn   | Place    | Note
-------+----------+-------------------------------------------
     0 | D        | wilfster70 the Minotaur Fighter began the quest for the
                  | Orb.
     0 | D        | Reached XP level 1. HP: 19/19 MP: 0/0
     6 | D        | Reached skill level 3 in Polearms
    22 | D        | Noticed an ogre
    22 | D        | Noticed a scorpion
    22 | D        | Noticed a bombardier beetle
    27 | D        | Killed a bombardier beetle
    27 | D        | HP: 1/20 [burnt (3)]
    28 | D        | Reached skill level 5 in Polearms
    28 | D        | Reached XP level 2. HP: 2/28 MP: 1/1
    28 | D        | Reached XP level 3. HP: 3/35 MP: 2/2
    30 | D        | Killed a scorpion
    31 | D        | Reached skill level 5 in Fighting
    31 | D        | Reached skill level 7 in Polearms
    31 | D        | Reached skill level 5 in Armour
    31 | D        | Reached skill level 5 in Shields
    31 | D        | Reached XP level 4. HP: 12/44 MP: 3/3
    32 | D        | HP: 2/44 [poisoned by a scorpion]
    33 | D        | Incinerated by a bombardier beetle

Illustrated notes

Levels and vault maps discovered:
D:        linesprint [early_d, line_temple, items_1, d_10, items_2, lair_1,
          lair_end, items_3, orc_1, orc_end, items_4, d_15, swamp_1, shoals_1,
          snake_1, spider_1, d_20, vaults_1, items_5, swamp_end, shoals_end,
          snake_end, spider_end, vaults_end, d_27, items_6, zot_1, zot_end,
          crypt_end, forest_end, elf_end, slime_end, tomb_end, abyss_end,
          pan_hell_end]

Skill      XL: |  1  2  3 |
---------------+----------+-----
Polearms       | 5 7 |  7.1
Fighting       | 4 5 |  5.9
Armour         | 4 5 |  5.9
Shields        | 4 5 |  5.9

Action                     |  1- 3 |  4- 6 || total
---------------------------+-------+-------++-------
  Melee: Trident           |    11 |     3 ||    14
         Headbutt          |     2 |       ||     2
    Use: Potion            |     2 |       ||     2
 Armour: Scale mail        |     3 |     1 ||     4
  Dodge: Dodged            |     2 |       ||     2
  Block: Buckler           |     2 |     1 ||     3

Table legend: (Time is in decaauts)
 A = Elapsed time spent in this place.
 B = Non-inter-level travel time spent in this place.
 C = Inter-level travel time spent in this place.
 D = Time resting spent in this place.
 E = Time spent auto-exploring this place.
 F = Levels seen in this place.
 G = Mean time per level.
                   A        B        C        D        E       F      G
               +--------+--------+--------+--------+--------+-----+--------+
         Total |     34 |     34 |      0 |      6 |      0 |   1 |   34.0 |
       Dungeon |     34 |     34 |      0 |      6 |      0 |   1 |   34.0 |
               +--------+--------+--------+--------+--------+-----+--------+

Top non-repeatable levels by time:
       D: 34 daAuts
